 Dungeon Crawl Stone Soup version 0.29.1-15-g9cfb28693d (webtiles) character file.

Game seed: 4462710182503349193

288 cdecastro the Cudgeller (level 5, -1/42 HPs)
             Began as a Demigod Fighter on Apr 4, 2023.
             Succumbed to a scorpion's poison
             ... on level 4 of the Dungeon.
             The game lasted 00:04:23 (4560 turns).

cdecastro the Cudgeller (Demigod Fighter)           Turns: 4560, Time: 00:04:23

Health: -1/42      AC: 11    Str: 21    XL:     5   Next: 81%
Magic:  7/7        EV:  7    Int: 10    God:
Gold:   222        SH:  0    Dex: 13    Spells: 4/4 levels left

rFire   . . .      SeeInvis .   a - +0 flail
rCold   . . .      Faith    .   (no shield)
rNeg    . . .      Spirit   .   v - +0 chain mail
rPois   .          Reflect  .   w - +0 helmet
rElec   .          Harm     .   q - +0 cloak
rCorr   .          Rampage  .   (no gloves)
Will    .....                   (no boots)
Stlth   ..........              l - amulet of the acrobat
HPRegen 0.14/turn               e - ring of wizardry
MPRegen 0.10/turn               (no ring)

@: lethally poisoned (-1 -> -9)
A: high MP 1, forlorn, divine attributes
a: no special abilities


You were on level 4 of the Dungeon.
You visited 1 branch of the dungeon, and saw 5 of its levels.

You collected 222 gold pieces.

Inventory:

Hand Weapons
 a - a +0 flail (weapon)
Missiles
 h - 3 atropa-tipped darts (quivered)
 j - 7 boomerangs
 o - 9 poisoned darts
 y - 5 silver boomerangs
Armour
 c - a +0 buckler
 q - a +0 cloak (worn)
 v - a +0 chain mail (worn)
 w - a +0 helmet (worn)
Magical Staves
 A - a staff of cold
Jewellery
 e - a ring of wizardry (left hand)
 l - an amulet of the acrobat (around neck)
Wands
 s - a wand of iceblast (7)
Scrolls
 f - 2 scrolls of noise {unknown}
 g - 2 scrolls of enchant weapon {unknown}
 k - 2 scrolls of vulnerability {unknown}
 n - 3 scrolls of teleportation {unknown}
 t - a scroll of magic mapping {unknown}
 u - 4 scrolls of identify {unknown}
 B - a scroll of poison {unknown}
 C - a scroll of butterflies {unknown}
Potions
 d - a potion of might
 i - 2 potions of lignification {unknown}
 m - a potion of resistance {unknown}
 p - a potion of brilliance {unknown}
 r - a potion of curing {unknown}
 x - a potion of flight {unknown}
 z - a potion of haste {unknown}


   Skills:
 - Level 2.6 Fighting
 + Level 5.9 Maces & Flails
 - Level 2.6 Armour
 - Level 2.6 Shields


You had 4 spell levels left.
You didn't know any spells.
Your spell library contained the following spells:

 Spells                   Type           Power      Damage    Failure   Level
 Fireball                 Conj/Fire      0%         3d3       100%        5
 Iskenderun's Battlesphe  Conj           0%         2d6       100%        5
 Conjure Ball Lightning   Conj/Air       0%         3x3d6     100%        6
 Orb of Destruction       Conj           0%         9d5       100%        7


Dungeon Overview and Level Annotations

Branches:
Dungeon (5/15)
 Temple: D:4-7

Annotations:
D:3 1 runed translucent door, Crazy Yiuf
D:4 ogre


Innate Abilities, Weirdness & Mutations

You have an increased reservoir of magic. (+10% MP)
You shall have no god before yourself.
Your divine heritage dramatically boosts your attributes as you level up.


Message History

Unknown command.
You closely miss the scorpion.
The scorpion stings you but does no damage.
The scorpion stings you.
You are poisoned.
The scorpion poisons you!
You hit the scorpion.
The scorpion is lightly wounded.
You feel very sick.
The scorpion stings you but does no damage.
You hit the scorpion.
The scorpion is moderately wounded.
You feel very sick.
The scorpion stings you but does no damage.
You hit the scorpion.
The scorpion is moderately wounded.
You feel sick.
The scorpion stings you but does no damage.
The scorpion stings you.
You hit the scorpion but do no damage.
The scorpion is moderately wounded.
You feel sick. The scorpion stings you.
* * * LOW HITPOINT WARNING * * *
You are more poisoned.
The scorpion poisons you!
You hit the scorpion.
The scorpion is heavily wounded.
You feel very sick. The scorpion stings you.
* * * LOW HITPOINT WARNING * * *
You closely miss the scorpion.
The scorpion is heavily wounded.
* * * LOW HITPOINT WARNING * * *
You feel very sick. The scorpion stings you.
* * * LOW HITPOINT WARNING * * *
The scorpion stings you but does no damage.
You barely miss the scorpion.
The scorpion is heavily wounded.
You die...

#.......♣ ♣♣♣♣~♣♣♣♣♣♣#
#.......♣♣♣.♣~~.~♣♣P~## ####
#........~..~.~~~~~...# ...#
#.......♣P♣~.~~~PP~P♣.# ...#
#.......♣♣♣♣♣P~♣♣♣♣♣♣.# ...#
#........♣ ♣P~.♣.♣♣..#
...###........##♣♣P~~♣....##
..............##s♣.~.♣#####
................@♣♣.~♣
.........######..#..##
.........# ##)##...#
...####### ##8.8###.## ####
##.....##..## ##8.....8##..#
##.........##.#
###8.........8#.#
#.'...........'.#


You could see a scorpion.

Vanquished Creatures
  A scorpion (D:4)
  A hound (D:4)
  An orc wizard (D:4)
  An iguana (D:4)
  4 gnolls (D:4)
  3 adders
  A worm (D:2)
  A dart slug (D:4)
  3 orcs (D:4)
  2 ball pythons (D:4)
  7 bats
  7 endoplasms
  3 giant cockroaches
  8 goblins
  8 hobgoblins
  4 jackals (D:1)
  2 frilled lizards (D:1)
  7 kobolds
  5 rats
69 creatures vanquished.

Vanquished Creatures (others)
  2 fungi (D:3)
2 creatures vanquished.

Grand Total: 71 creatures vanquished

Notes
Turn   | Place    | Note
-------+----------+-------------------------------------------
     0 | D:1      | cdecastro the Demigod Fighter began the quest for the Orb.
     0 | D:1      | Reached XP level 1. HP: 18/18 MP: 3/3
    37 | D:1      | Reached skill level 2 in Maces & Flails
   276 | D:1      | Reached XP level 2. HP: 17/25 MP: 4/4
   909 | D:2      | Reached skill level 3 in Maces & Flails
  1319 | D:2      | Reached XP level 3. HP: 30/30 MP: 5/5
  2126 | D:3      | Reached skill level 4 in Maces & Flails
  2386 | D:3      | Reached XP level 4. HP: 37/37 MP: 6/6
  2847 | D:3      | Found a runed translucent door.
  2848 | D:3      | Noticed Crazy Yiuf
  2910 | D:4      | Noticed an ogre
  3215 | D:4      | Reached skill level 5 in Maces & Flails
  3217 | D:4      | Reached XP level 5. HP: 26/42 MP: 7/7
  4548 | D:5      | Entered Level 5 of the Dungeon
  4548 | D:5      | Noticed an ogre
  4559 | D:4      | HP: 1/42 [scorpion (6)]
  4560 | D:4      | Succumbed to a scorpion's poison

Illustrated notes

Levels and vault maps discovered:
D:1:      minmay_arrival_four_loops, layout_basic, basic_ecumenical_altar
D:2:      layout_basic, basic_altar
D:3:      layout_basic, bloody_trog, uniq_crazy_yiuf_cottage
D:4:      layout_basic, minmay_misc_feat_plants, dk_noncrumbling_4,
          serial_bayou_crossing
D:5:      layout_loops_ring, temple_statues, serial_aquarium,
          aquarium_bridge_square [aquarium_subvault_bridge,
          aquarium_subvault_bridge, aquarium_subvault_wall,
          aquarium_subvault_balcony], aquarium_bridge_square
          [aquarium_subvault_bridge, aquarium_subvault_balcony,
          aquarium_subvault_window, aquarium_subvault_bridge],
          aquarium_window_fake, aquarium_window_fake,
          aquarium_window_corridor_1, aquarium_view_2e, uniq_grinder

Skill      XL: |  1  2  3  4 |
---------------+-------------+-----
Maces & Flails | 2 3 4 5 |  5.9
Fighting       | |  2.6
Armour         | |  2.6
Shields        | |  2.6

Action                   |  1- 3 |  4- 6 || total
-------------------------+-------+-------++-------
Melee: Flail             |   132 |   120 ||   252
       Punch             |       |     1 ||     1
Armor: Scale mail        |    80 |       ||    80
       Chain mail        |     4 |    54 ||    58
Dodge: Dodged            |    77 |    38 ||   115
